 Dungeon Crawl Stone Soup version 0.29-a0-1016-g236c7fd91e (webtiles) character file.

Game seed: 2921162310680626894

290 Mesmaeker13 the Insei (level 6, -5/57 HPs)
             Began as an Octopode Transmuter on Aug 9, 2022.
             Splashed by a jelly's acid (8 damage)
             ... on level 4 of the Dungeon.
             The game lasted 00:04:49 (5184 turns).

Mesmaeker13 the Insei (Octopode Transmuter)         Turns: 5184, Time: 00:04:50

Health: -5/57      AC: 15    Str:  9    XL:     6   Next: 32%
Magic:  8/10       EV:  2    Int: 18    God:
Gold:   203        SH:  0    Dex: 12    Spells: 5/11 levels left

rFire   . . .      SeeInvis .   b - +1 whip (elec)
rCold   . . .      Faith    .   (no shield)
rNeg    . . .      Spirit   .   (helmet currently unavailable)
rPois   +          Reflect  .   (no amulet)
rElec   .          Harm     .   (no ring)
rCorr   .          Rampage  .   (no ring)
Will    .....      NoTele   +   (no ring)
Stlth   +.........              (no ring)
HPRegen 0.19/turn               (no ring)
MPRegen 0.12/turn               (no ring)
                                (no ring)
                                (no ring)

@: tree-form, corroded
A: stationary, stasis, torment immunity, boosted hp, almost no armour,
(amphibious), 8 rings, (camouflage 1), (gelatinous body 1), (nimble swimmer 1),
(tentacles)
a: no special abilities


You were on level 4 of the Dungeon.
You were a tree.
You visited 1 branch of the dungeon, and saw 4 of its levels.

You collected 203 gold pieces.

Inventory:

Hand Weapons
 b - a +1 whip of electrocution (weapon)
Missiles
 m - 3 poisoned darts (quivered)
Scrolls
 h - 4 scrolls of enchant weapon
 i - 2 scrolls of vulnerability
 j - 3 scrolls of teleportation
 k - a scroll of fear
 l - a scroll of poison {unknown}
 o - a scroll of enchant armour {unknown}
 p - 2 scrolls of blinking {unknown}
 q - a scroll of identify
Potions
 a - a potion of lignification
 c - 3 potions of curing {unknown}
 e - 4 potions of might
 f - a potion of flight {unknown}
 g - a potion of berserk rage {unknown}
 n - a potion of ambrosia {unknown}


   Skills:
 - Level 1.0 Fighting
 - Level 2.0 Dodging
 + Level 4.6 Unarmed Combat
 - Level 3.0 Spellcasting
 + Level 4.0 Transmutations
 + Level 2.5 Poison Magic


You had 5 spell levels left.
You knew the following spells:

 Your Spells              Type           Power      Damage    Failure   Level
a - Beastly Appendage     Tmut           34%        N/A       3%          1
b - Wereblood             Tmut           17%        N/A       4%          2
c - Spider Form           Tmut/Pois      14%        N/A       13%         3

Your spell library contained the following spells:

 Spells                   Type           Power      Damage    Failure   Level
 Ice Form                 Ice/Tmut       10%        N/A       56%         4


Dungeon Overview and Level Annotations

Branches:
Dungeon (4/15)
 Temple: D:4-7

Altars:
Cheibriados

Annotations:
D:3 Sigmund


Innate Abilities, Weirdness & Mutations

You are a tree.
Your roots penetrate the ground, keeping you stationary.
You cannot be teleported.
You are immune to unholy pain and torment.
Your maximum health is greatly increased.
You cannot wear most types of armour.
((You are amphibious.))
You can wear up to eight rings at the same time.
((Your skin changes colour to match your surroundings (Stealth+).))
((Your rubbery body absorbs attacks. (AC +1, EV +1)))
((You are camouflaged when in or above water. (Stealth+)))
((You have tentacles for arms and can constrict up to eight enemies at once.))


Message History

The jelly struggles against the net.
You hit the jelly but do no damage.
Your front legs burn!
The jelly struggles against the net.
You hit the jelly but do no damage.
Your front legs burn!
The jelly struggles against the net.
The net rips apart, and the jelly comes free!
You hit the jelly but do no damage.
Your front legs burn!
The jelly completely misses you.
You hit the jelly.
Your front legs burn!
The jelly is lightly wounded.
The jelly hits you. The acid corrodes you!
You are splashed with acid!
You hit the jelly.
Your front legs burn!
The jelly is moderately wounded.
The jelly barely misses you.
You hit the jelly.
Your front legs burn!
* * * LOW HITPOINT WARNING * * *
The jelly is heavily wounded.
The jelly barely misses you.
You hit the jelly but do no damage. The acid corrodes you!
Your front legs burn!
* * * LOW HITPOINT WARNING * * *
The jelly is heavily wounded.
Your transformation is almost over.
The jelly barely misses you.
You hit the jelly.
Your front legs burn!
* * * LOW HITPOINT WARNING * * *
The jelly is heavily wounded.
You hit the jelly but do no damage.
Your front legs burn!
* * * LOW HITPOINT WARNING * * *
The jelly is heavily wounded.
The jelly barely misses you.
Unknown command.
Really quaff the potion of lignification?
Your transformation has ended.
Your +1 whip of electrocution unmelds from your body.
You hear the crackle of electricity.
You turn into a tree.
Your roots penetrate the ground.
The jelly hits you.
* * * LOW HITPOINT WARNING * * *
You are splashed with acid!
You die...

.....'...#.................
.....#...#.................
.....#...#.................
.....#...#...........J.....
.....###'#..............?..
.....#...#.......#########.
.....'...#.......#
.....#...#......J#
.....#...'......♣#
.....#####.......#####
.........#######.....#
.........#.....#.....#
.........#.....'.....#
.........#.....#.....#
.........#.....#.....#
.........#.....#.....#
.........'.....#.....#


You could see a jelly.

Vanquished Creatures
  An ogre (D:4)
  A hound (D:4)
  Jessica (D:2)
  An orc wizard (D:4)
  Robin (D:2)
  4 adders
  3 dart slugs (D:1)
  4 orcs
  4 ball pythons
  7 endoplasms
  3 giant cockroaches
  12 goblins
  12 hobgoblins
  8 kobolds
  A quokka (D:3)
  5 bats
  3 frilled lizards
  4 rats
75 creatures vanquished.

Notes
Turn   | Place    | Note
-------+----------+-------------------------------------------
     0 | D:1      | Mesmaeker13 the Octopode Transmuter began the quest for the
                  | Orb.
     0 | D:1      | Reached XP level 1. HP: 13/13 MP: 3/3
   321 | D:1      | Reached XP level 2. HP: 17/18 MP: 5/5
   578 | D:1      | Found a faded altar of an unknown god.
   836 | D:1      | Reached XP level 3. HP: 16/23 MP: 6/6
  1624 | D:2      | Learned a level 2 spell: Wereblood
  1665 | D:2      | Noticed Jessica
  1681 | D:2      | Killed Jessica
  1682 | D:2      | Reached XP level 4. HP: 11/28 MP: 6/8
  2387 | D:2      | Noticed Robin
  2982 | D:2      | Killed Robin
  3152 | D:3      | Learned a level 3 spell: Spider Form
  3186 | D:3      | Found a snail-covered altar of Cheibriados.
  3257 | D:3      | Reached XP level 5. HP: 20/33 MP: 5/9
  3569 | D:3      | Noticed Sigmund
  4368 | D:4      | Reached skill level 1 in Poison Magic
  4781 | D:4      | Noticed an ogre
  4793 | D:4      | Killed an ogre
  4794 | D:4      | Reached XP level 6. HP: 38/38 MP: 4/10
  5184 | D:4      | Splashed by a jelly's acid

Illustrated notes

Levels and vault maps discovered:
D:1:      lightli_arrival_chessboard, layout_loops_cross,
          hellmonk_ecumenical_altar_zigzags
D:2:      layout_basic, uniq_jessica, uniq_robin
D:3:      layout_loops_corners, mainiacjoe_overflow_concentric_impassable,
          grunt_ministairs_13, minmay_distorted, uniq_sigmund
D:4:      layout_gridville

Skill      XL: |  1  2  3  4  5 |
---------------+----------------+-----
Transmutations | 3 4 |  4.0
Spellcasting   | 3 |  3.0
Unarmed Combat | 4 |  4.6
Poison Magic   | 2 |  2.5
Fighting       | |  1.0
Dodging        | |  2.0

Action                   |  1- 3 |  4- 6 || total
-------------------------+-------+-------++-------
Melee: Whip              |    58 |    83 ||   141
       Constrict         |    15 |    28 ||    43
       Unarmed           |     4 |    24 ||    28
       Tentacles         |    15 |    19 ||    34
       Kick              |     2 |     8 ||    10
       Punch             |     1 |     2 ||     3
Throw: Throwing net      |     1 |     1 ||     2
       Dart              |       |     3 ||     3
 Cast: Beastly Appendage |     2 |     4 ||     6
       Wereblood         |       |    10 ||    10
       Spider Form       |       |     4 ||     4
  Use: Scroll            |       |     6 ||     6
       Potion            |       |     1 ||     1
 Stab: Sleeping          |     3 |     4 ||     7
       Distracted        |     1 |       ||     1
Armor: Skin              |     2 |     9 ||    11
Dodge: Dodged            |    37 |    94 ||   131

Table legend: (Time is in decaauts)
 A = Elapsed time spent in this place.
 B = Non-inter-level travel time spent in this place.
 C = Inter-level travel time spent in this place.
 D = Time resting spent in this place.
 E = Time spent auto-exploring this place.
 F = Levels seen in this place.
 G = Mean time per level.
                   A        B        C        D        E       F      G
               +--------+--------+--------+--------+--------+-----+--------+
         Total |   5195 |   5042 |    153 |   1098 |   3213 |   4 | 1298.8 |
       Dungeon |   5195 |   5042 |    153 |   1098 |   3213 |   4 | 1298.8 |
               +--------+--------+--------+--------+--------+-----+--------+

Top non-repeatable levels by time:
     D:1: 1860 daAuts
     D:2: 1318 daAuts
     D:3: 1188 daAuts
     D:4: 827 daAuts
